Map: Frozen Temple

Players

Hachibe

  • Race: Zerg Zerg
  • League: Gold

capac - Winner!

  • Race: Terran Terran
  • League: Gold

VOD

Have the link to the VOD?

Description

Time

  • Played on: May 2, 2016, 2:17 p.m.
  • Length: 26:02
Show
View Real Time Build Order
Export as new Build Order

Hachibe Zerg 

Build Orders: Pool First 

Get SALT Encoding   

  12  0:18  Overlord  
  12  0:23  Drone x2  
  14  0:40  Spawning Pool  
  13  0:45  Drone  
  14  0:53  Drone x2  
  16  1:03  Drone  
  17  1:06  Extractor  
  16  1:24  Hatchery  
  16  1:25  Drone x2  
  17  1:34  Queen  
  19  1:49  Drone  
  19  1:50  Overlord  
  20  2:10  Queen  
  22  2:16  Metabolic Boost  
  22  2:18  Zergling x2  
  22  2:20  Drone x2  
  25  2:39  Overlord  
  25  2:43  Queen  
  27  2:47  Drone x2  
  27  2:48  Drone  
  30  2:58  Drone x4  
  32  3:04  Drone  
  35  3:07  Extractor  
  35  3:12  Drone x2  
  36  3:19  Evolution Chamber  
  35  3:20  Drone  
  36  3:27  Overlord  
  36  3:49  Zerg Melee Weapons Level 1  
  36  3:51  Drone  
  36  3:52  Zergling x2, Drone x4  
  36  3:53  Zergling x2, Evolution Chamber  
  42  3:59  Lair  
  43  4:02  Drone  
  43  4:03  Extractor, Drone  
  43  4:04  Extractor  
  42  4:14  Drone x2  
  42  4:15  Overlord  
  44  4:34  Zerg Ground Armor Level 1  
  44  4:42  Spore Crawler  
  44  4:44  Spore Crawler  
  42  4:46  Drone x3  
  42  4:52  Overlord  
  45  4:56  Hatchery  
  45  4:58  Drone x3  
  47  5:06  Drone x2  
  47  5:07  Drone x2  
  50  5:12  Drone  
  52  5:17  Drone x2  
  52  5:18  Drone  
  54  5:24  Infestation Pit  
  53  5:36  Drone x4  
  53  5:37  Baneling Nest, Drone x2  
  58  5:43  Drone  
  58  5:46  Overlord  
  59  5:53  Pneumatized Carapace  
  59  6:03  Queen, Overlord  
  61  6:06  Infestor x2  
  61  6:08  Infestor  
  67  6:15  Drone x3  
  67  6:16  Drone  
  71  6:22  Burrow  
  71  6:27  Spore Crawler  
  70  6:33  Drone x3  
  70  6:39  Zergling x4  
  75  6:40  Zergling x8  
  79  6:51  Baneling x4  
  79  6:52  Baneling  
  79  6:53  Overlord x4  
  79  6:57  Extractor  
  79  6:58  Extractor  
  77  7:05  Spine Crawler  
  77  7:06  Spine Crawler x2  
  77  7:07  Baneling x2  
  77  7:08  Baneling x3  
  74  7:14  Pathogen Glands  
  74  7:15  Drone  
  74  7:16  Drone  
  74  7:17  Drone x2  
  74  7:18  Zergling x8  
  82  7:23  Baneling x5  
  82  7:25  Centrifical Hooks  
  82  7:33  Queen  
  84  7:43  Overlord x2  
  84  7:44  Overlord  
  84  7:45  Drone x4  
  84  7:46  Overseer  
  84  7:48  Overseer  
  67  8:49  Infestor x2, Drone x4  
  67  8:50  Infestor x2  
  67  8:51  Zergling x14  
  67  8:52  Zergling x12  
  92  8:58  Hive  
  92  9:00  Zerg Melee Weapons Level 2  
  92  9:05  Zerg Ground Armor Level 2  
  80  9:58  Baneling  
  80  9:59  Baneling x10  
  80  10:00  Infestor x5  
  80  10:01  Zergling x2  
  80  10:02  Zergling x24  
  103  10:20  Ultralisk Cavern  
  102  10:25  Hatchery  
  102  10:26  Baneling x7  
  102  10:27  Extractor  
  100  10:29  Extractor  
  100  10:32  Spore Crawler  
  100  10:33  Spine Crawler  
  97  10:37  Spine Crawler  
  97  10:41  Zergling x8  
  97  10:42  Drone x5  
  105  10:51  Hatchery  
  104  11:04  Baneling x6  
  104  11:05  Overlord x3, Baneling x2  
  104  11:06  Overlord x3  
  104  11:08  Chitinous Plating  
  82  11:57  Ultralisk x8  
  125  12:06  Zergling x10  
  125  12:07  Zergling x14  
  137  12:08  Drone  
  138  12:16  Drone x3  
  141  12:26  Baneling x14  
  141  12:31  Drone x4  
  141  12:32  Drone x2  
  147  12:47  Drone x3  
  147  12:48  Overlord x2  
  150  12:54  Zerg Melee Weapons Level 3  
  150  12:56  Zerg Ground Armor Level 3  
  150  13:02  Baneling x9  
  150  13:03  Baneling  
  145  14:32  Swarm Host, Drone  
  145  14:33  Infestor x3  
  145  14:35  Ultralisk, Zergling x4  
  145  14:36  Zergling x4  
  145  14:37  Overlord x5  
  164  15:00  Hatchery  
  164  15:02  Extractor x2  
  161  15:14  Baneling x8  
  161  15:16  Zergling x8  
  161  15:17  Zergling x18  
  165  17:02  Spire  
  165  17:04  Spire  
  165  17:05  Spire  
  150  17:55  Baneling  
  150  17:56  Baneling x22  
  150  18:22  Corruptor x12  
  150  18:23  Corruptor x5  
  150  18:24  Corruptor  
  186  18:37  Overseer x5  
  186  19:17  Zerg Flyer Armor Level 1, Zerg Flyer Weapons Level 1  
  186  19:18  Greater Spire  
  139  19:47  Ultralisk x7  
  111  20:27  Corruptor  
  111  20:28  Corruptor x19  
  113  20:29  Corruptor x5  
  149  20:56  Mutalisk  
  143  20:57  Mutalisk x2  
  149  21:19  Hatchery  
  149  21:21  Extractor, Infestor x2  
  149  21:22  Extractor  
  106  22:02  Viper  
  106  22:03  Viper  
  111  22:17  Viper  
  114  22:41  Spore Crawler  
  114  22:42  Spore Crawler  
  114  22:43  Spore Crawler  
  108  23:03  Extractor  
  108  23:04  Hatchery, Extractor  
  91  23:17  Infestor x3  
  91  23:18  Infestor x2  
  101  23:21  Zergling x2  
  101  23:22  Zergling x18  
  90  24:06  Baneling  
  90  24:07  Baneling x16  
  74  25:29  Viper x2  
Show
View Real Time Build Order
Export as new Build Order

capac Terran - Winner!

Build Orders: Reaper Expand, MMM Bio 

Get SALT Encoding   

  12  0:01  SCV  
  13  0:13  SCV  
  14  0:18  Supply Depot  
  14  0:25  SCV  
  15  0:40  SCV  
  15  0:42  Barracks  
  16  0:45  Refinery  
  16  0:52  SCV  
  17  1:04  SCV  
  18  1:16  SCV  
  19  1:31  Reaper  
  19  1:32  Orbital Command  
  20  1:42  Command Center  
  20  1:56  Supply Depot  
  20  1:57  SCV  
  21  2:03  Marine  
  22  2:11  Factory, SCV  
  23  2:17  Refinery  
  23  2:24  Barracks  
  23  2:28  Barracks Reactor  
  23  2:42  SCV  
  24  2:55  SCV  
  25  3:02  Orbital Command  
  25  3:06  Bunker  
  25  3:08  Marine x2  
  25  3:09  SCV  
  28  3:15  Barracks Tech Lab  
  28  3:16  Factory Tech Lab  
  28  3:20  Starport  
  28  3:21  SCV  
  29  3:27  Marine x2  
  29  3:29  SCV  
  32  3:37  SCV  
  33  3:42  Siege Tank  
  33  3:43  Marine  
  33  3:44  SCV  
  38  3:50  SCV  
  38  3:51  Marine x2  
  38  3:54  Stimpack  
  41  3:58  SCV  
  41  4:02  SCV  
  43  4:09  Medivac  
  45  4:19  Supply Depot  
  45  4:30  Marine x2  
  46  4:40  Marine  
  46  4:41  Barracks, Siege Tank  
  50  4:47  Barracks, SCV x2  
  50  4:49  Barracks  
  50  4:50  Refinery  
  50  4:51  Marine x2  
  54  4:53  Starport Reactor  
  54  5:12  SCV x2  
  56  5:15  Supply Depot x2  
  56  5:38  Engineering Bay, Medivac x2  
  56  5:39  Barracks Reactor  
  56  5:40  Barracks Reactor x2  
  56  5:42  Engineering Bay, SCV  
  61  5:43  Marine, SCV  
  61  5:44  Marine  
  61  5:45  Marauder  
  61  5:48  Refinery  
  66  5:52  Supply Depot  
  66  6:01  SCV x2  
  66  6:02  Combat Shields  
  68  6:12  Terran Infantry Weapons Level 1  
  68  6:15  SCV x2  
  68  6:16  Marine x5  
  75  6:21  Supply Depot  
  75  6:27  Marine x3  
  75  6:31  Terran Infantry Armor Level 1  
  78  6:33  SCV  
  78  6:35  SCV  
  80  6:49  Marine x5  
  80  6:50  Marauder, Marine  
  88  6:55  SCV x2  
  90  7:14  Command Center  
  90  7:16  Marine  
  90  7:17  Marine x3  
  94  7:31  Supply Depot, Marine x2  
  94  7:32  Supply Depot, Marauder, Medivac x2  
  102  7:52  Marine x4  
  102  7:53  Supply Depot  
  102  7:56  Supply Depot  
  100  8:12  Marine x6  
  104  8:13  Marauder, Marine  
  104  8:14  Marine  
  103  8:35  Marauder  
  103  8:40  Marine x3  
  103  8:41  Marine x4  
  106  8:47  Marine  
  103  8:48  Medivac x2  
  107  8:55  Marine  
  107  8:58  Marine  
  107  8:59  Marine x4  
  113  9:03  Supply Depot x2  
  113  9:07  Armory  
  113  9:09  Starport  
  113  9:13  Marine x3  
  116  9:18  Medivac x2  
  120  9:31  Liberator x2  
  120  9:35  Marine x2  
  120  9:36  Marine x5  
  120  9:37  Marauder  
  119  9:51  Marine  
  120  9:53  Marine x2  
  120  9:55  Marine x3  
  120  9:56  Marine x2  
  127  10:01  Starport Reactor  
  127  10:02  Terran Infantry Weapons Level 2  
  127  10:09  Supply Depot  
  127  10:14  Orbital Command  
  127  10:41  Missile Turret  
  127  10:44  Missile Turret  
  127  10:57  Marine x6  
  127  10:58  Marauder, Marine  
  127  11:01  Terran Ship Weapons Level 1  
  136  11:04  Supply Depot, Marine  
  136  11:05  Concussive Shells  
  136  11:06  Supply Depot  
  136  11:10  Medivac x3  
  143  11:38  Marine  
  143  11:39  Marine x8  
  88  11:56  Marine x5  
  88  11:57  Marine x4  
  97  12:05  Medivac x2  
  95  12:14  Marine x6  
  95  12:15  Marine x2  
  101  12:16  Marine  
  101  12:22  Terran Infantry Weapons Level 3  
  104  12:25  Terran Infantry Armor Level 2  
  104  12:35  SCV x2  
  104  12:36  Liberator x2  
  106  12:41  Refinery, Liberator x2  
  106  12:42  Refinery  
  106  12:47  SCV  
  113  13:04  Marine x5  
  113  13:05  Marine x2  
  126  13:23  Liberator x2  
  126  13:24  Liberator  
  122  13:33  Liberator  
  134  14:06  Liberator x2  
  134  14:07  Liberator  
  140  14:31  Starport, Liberator  
  113  14:37  Starport  
  113  14:38  Starport  
  113  14:41  Marine x9  
  124  15:03  Liberator x2  
  124  15:07  Marine x5  
  124  15:08  Marine  
  130  15:16  Marine  
  130  15:17  Marine x2  
  139  15:21  Starport Reactor  
  139  15:22  Starport Reactor  
  139  15:25  Marine x2  
  141  15:28  Missile Turret  
  141  15:31  Starport Reactor  
  141  15:32  Liberator x2  
  141  15:37  Command Center  
  141  15:44  Orbital Command  
  147  15:55  Marine x5  
  147  15:56  Marine, Liberator  
  147  15:57  Liberator  
  153  16:15  Medivac x2  
  153  16:16  Medivac  
  165  16:18  Marine x2  
  161  17:18  Marine  
  161  17:19  Marine x7  
  159  17:36  Marine  
  159  17:37  Marauder, Marine x6  
  162  17:54  Marine x4  
  162  17:55  Marauder  
  168  17:59  Marauder  
  168  18:04  Marine x2  
  172  18:12  Marine  
  173  18:16  Terran Infantry Armor Level 3  
  173  18:20  Widow Mine x2  
  173  18:24  Marauder x2  
  181  18:45  Marauder x2  
  185  19:07  Marauder x2  
  185  19:09  Planetary Fortress  
  189  19:25  Refinery  
  189  19:26  Building Armor  
  189  19:28  Marauder x2  
  112  20:14  Marine x8  
  115  20:32  Marine x8  
  123  20:49  Marine, Liberator x4  
  176  20:50  Marine x7, Liberator  
  131  21:07  Marine  
  131  21:08  Marine x7  
  154  21:25  Marine x2  
  155  21:26  Marauder x2, Marine x2  
  155  21:32  Marine x2  
  164  21:39  Refinery  
  164  21:43  Marine x4  
  168  21:47  Marine x2  
  168  21:49  Marine  
  168  22:05  Marauder  
  170  22:25  Marine x2  
  170  22:26  Marine  
  173  22:40  Marine x4  
  173  22:41  Marine  
  173  22:43  Marine x2  
  180  23:52  Marine  
  180  24:07  Marine  
  180  24:32  Marine x4  
  180  24:56  Marine x3  
  180  25:14  Marine x2  
  180  25:17  Marine x5  
  180  25:20  Marine  
  178  25:32  Marine  
  178  25:35  Marine  
Tags
 
Add a new tag
Caveats
  • Supply blocks, unpowered buildings, or Contaminate may cause inaccurate times.
  • Supply counts are checked every 10 seconds.